 Dungeon Crawl Stone Soup version 0.21.0-8-gf18e19db4a (webtiles) character file.

20804 Principatus the Archer (level 12, -11/113 HPs)
             Began as a Centaur Hunter on Jan 18, 2018.
             Was a Priest of Makhleb.
             Mangled by Rupert
             ... wielding a +0 great mace of protection
              (14 damage)
             ... on level 3 of the Lair of Beasts.
             The game lasted 01:18:30 (19377 turns).

Principatus the Archer (Centaur Hunter)            Turns: 19377, Time: 01:18:30

Health: -11/113    AC: 11    Str: 24    XL:     12   Next: 48%
Magic:  10/10      EV: 18    Int: 15    God:    Makhleb [***...]
Gold:   609        SH:  0    Dex: 16    Spells: 10/11 levels left

rFire    . . .     SeeInvis .   b - +11 spear "Cewkatt" {antimagic, +Fly rF- MP+9 Str+7}
rCold    . . .     Gourm    .   (no shield)
rNeg     . . .     Faith    .   s - +0 steam dragon scales
rPois    .         Spirit   .   Q - +0 helmet {Int+3}
rElec    .         Reflect  .   n - +1 cloak
rCorr    .         Harm     .   (no gloves)
MR       .....                  (no barding)
Stlth    +.........             P - amulet of inaccuracy
HPRegen  0.28/turn              I - +3 ring of protection
MPRegen  0.12/turn              y - ring of protection from fire

@: agile, silence, berserk cooldown, slowed
A: large, hooves 3, deformed body, speed 2, tough skin 3
a: Renounce Religion, Evoke Flight


You were on level 3 of the Lair of Beasts.
You worshipped Makhleb.
Makhleb was most pleased with you.
You were not hungry.

You visited 2 branches of the dungeon, and saw 14 of its levels.

You collected 651 gold pieces.
You spent 42 gold pieces at shops.

Inventory:

Hand Weapons
 a - a +1 shortbow
 b - the +11 spear "Cewkatt" (weapon) {antimagic, +Fly rF- MP+9 Str+7}
   (You found it on level 5 of the Dungeon)

   It reduces the magical energy of the wielder, and disrupts the spells and
   magical abilities of those hit.
   Natural abilities and divine invocations are not affected.
   It affects your strength (+7).
   It makes you vulnerable to fire.
   It affects your magic capacity (+9).
   It lets you fly.
Missiles
 d - 100 arrows
 j - 288 stones (quivered)
 M - 8 tomahawks of dispersal
Armour
 e - a +2 hat
 n - a +1 cloak (worn)
 o - the +1 robe of Compassion {rC+ Int+7 Dex-3}
   (You found it on level 7 of the Dungeon)

   It affects your intelligence (+7).
   It affects your dexterity (-3).
   It protects you from cold.
 s - +0 steam dragon scales (worn)
 Q - a +0 helmet of intelligence (worn)
Jewellery
 h - an uncursed ring of stealth
 y - a ring of protection from fire (right hand)
 B - an uncursed ring of fire
 F - an uncursed ring of magical power
 I - a +3 ring of protection (left hand)
 L - an uncursed ring of protection from fire
 P - an amulet of inaccuracy (around neck)
Wands
 c - a wand of disintegration (14)
 q - a wand of flame (91)
 u - a wand of digging (8)
Scrolls
 i - 2 scrolls of teleportation
 m - 2 scrolls of immolation
 r - 3 scrolls of amnesia
 t - 2 scrolls of enchant weapon
 v - a scroll of vulnerability
 A - a scroll of enchant armour
 G - 2 scrolls of identify
Potions
 g - 2 potions of agility
 l - a potion of invisibility
 p - 2 potions of brilliance
 z - 2 potions of mutation
 E - 4 potions of flight
 J - 2 potions of resistance
Books
 k - Vehumet's Compendium of Conjuration
   (You found it on level 7 of the Dungeon)

   Spells                             Type                      Level
   a - Flame Tongue                   Conjuration/Fire             1
   b - Shock                          Conjuration/Air              1
   c - Dazzling Spray                 Conjuration/Hexes            3
   d - Sticky Flame                   Conjuration/Fire             4
   e - Bolt of Draining               Conjuration/Necromancy       5
   f - Bolt of Fire                   Conjuration/Fire             6
 w - a book of Enchantments

   Spells                             Type                      Level
   a - Cause Fear                     Hexes                        4
   b - Yara's Violent Unravelling     Hexes/Transmutation          5
   c - Silence                        Hexes/Air                    5
   d - Deflect Missiles               Charms/Air                   6
   e - Discord                        Hexes                        8
 H - a book of Cantrips

   Spells                             Type                      Level
   a - Confusing Touch                Hexes                        1
   b - Animate Skeleton               Necromancy                   1
   c - Summon Small Mammal            Summoning                    1
   d - Apportation                    Translocation                1
Miscellaneous
 N - a phial of floods
Comestibles
 f - 19 rations


   Skills:
 + Level 12.3 Fighting
 - Level 14.0 Bows
 + Level 4.9 Dodging
 - Level 0.6 Stealth
 + Level 12.7 Invocations


You had 10 spell levels left.
You knew the following spells:

 Your Spells              Type           Power        Failure   Level  Hunger
a - Apportation           Tloc           #.....       26%         1    ##.....


Dungeon Overview and Level Annotations

Branches:
Dungeon (11/15)            Temple (0/1) D:5            Lair (3/6) D:9
 Shoals (0/4) Lair:3
  Snake: Lair:2-4    Spider: Lair:2-4       Orc: D:9-12

Altars:
Ashenzari
Cheibriados
Elyvilon
Fedhas
Makhleb
Nemelex Xobeh
Okawaru
Sif Muna
Trog
Vehumet
Wu Jian
Xom
Zin
The Shining One

Shops:
D:10 *

Annotations:
D:4 exclusion: oklob plant
D:9 2 transporters
D:10 1 runed door
Lair:3 Rupert


Innate Abilities, Weirdness & Mutations

You have hooves in place of feet.
Armour fits poorly on your strangely shaped body.
You cover ground very quickly.
You have extremely tough skin. (AC +3)


Message History

The spiny frog looks frightened!
The komodo dragon looks frightened!
Rupert roars madly and goes into a rage!
Rupert goes berserk!
Rupert rages.
As you read the scroll of teleportation, it crumbles to dust.
You feel strangely unstable. Rupert misses you.
Okay, then.
Okay, then.
Press: ? - help, v - describe, . - travel
Here: Rupert, wielding a great mace of protection and wearing a ring mail (moderately wounded, berserk, fast, unusually strong, misshapen and mutated)
The floor.
Okay, then.
Okay, then.
A demon appears!
Your surroundings seem slightly different.
There is an escape hatch in the ceiling here.
As you read the scroll labeled HYDUASUTTE, it crumbles to dust.
A profound silence engulfs you.
It was a scroll of silence.
Rupert hits you with a great mace of protection!
You die...

.......<......<#.#.##
###...
..............#...#.#
#.
...####P...........##
#### ###.......3...##
# ##........[..###
##............##
##.......#..#.#
##...@.......##
####@........# ..
#.........#####...
##.........#.#P...
##....>....#.....
##..............
#..............
##.............
###...........
#...........


You could see Rupert (berserk) and a friendly smoke demon.

Vanquished Creatures
  A hydra (Lair:2)
  5 two-headed ogres
  Urug (D:10)
  A manticore (Lair:3)
  3 spiny frogs
  A rime drake (Lair:3)
  2 komodo dragons
  3 trolls
  Grinder (D:5)
  Prince Ribbit (D:5)
  6 hippogriffs
  5 blink frogs (Lair:1)
  2 wyverns
  The ghost of Hat the Chopper, an amateur DDBe of Trog (D:3)
  14 yaks
  A basilisk (Lair:3)
  2 steam dragons
  5 water moccasins
  Duvessa (D:5)
  2 orc warriors
  4 porcupines
  2 ice beasts
  2 sky beasts (D:8)
  A necrophage (D:6)
  2 black bears
  3 wolves
  A phantom (D:5)
  5 ogres
  6 centaurs
  2 crocodiles (Lair:3)
  A big kobold (D:8)
  10 bullfrogs
  Blork the orc (D:4)
  Dowan (D:5)
  2 wyvern zombies
  6 scorpions
  A wyvern skeleton (D:8)
  12 wights
  14 killer bees
  4 crimson imps
  A centaur zombie (D:6)
  2 jellies
  10 orc priests
  6 hounds
  A bullfrog skeleton (D:11)
  3 centaur skeletons
  6 orc wizards
  Crazy Yiuf (D:3)
  3 iguanas
  10 worker ants
  A killer bee zombie (D:10)
  3 hound skeletons
  A howler monkey zombie (D:8)
  2 worker ant zombies
  12 adders
  A shadow imp (D:5)
  An ooze (D:4)
  A worm (D:5)
  A dart slug (D:1)
  2 leopard geckos
  49 orcs
  9 giant cockroaches
  5 goblins
  6 hobgoblins
  23 jackals
  A quokka (D:9)
  6 bats
  5 frilled lizards
  5 kobolds
  2 leopard gecko skeletons (D:6)
  2 quokka skeletons (D:6)
  7 rats
326 creatures vanquished.

Vanquished Creatures (collateral kills)
  A black mamba (Lair:2)
  Psyche (D:10)
  A rime drake (Lair:1)
  2 blink frogs (Lair:1)
  A hippogriff (Lair:2)
  A yak (Lair:2)
  A water moccasin (Lair:2)
  A sky beast (D:10)
  A crocodile (Lair:2)
10 creatures vanquished.

Vanquished Creatures (others)
  An orc wizard (D:4)
  2 fungi (Lair:3)
  7 plants (D:9)
  11 toadstools (D:4)
21 creatures vanquished.

Grand Total: 357 creatures vanquished

Notes
Turn   | Place    | Note
-------+----------+-------------------------------------------
     0 | D:1      | Principatus the Centaur Hunter began the quest for the Orb.
     0 | D:1      | Reached XP level 1. HP: 17/17 MP: 1/1
   241 | D:1      | Reached XP level 2. HP: 20/24 MP: 2/2
   378 | D:1      | Reached skill level 6 in Bows
   624 | D:1      | Reached XP level 3. HP: 24/29 MP: 3/3
   822 | D:2      | Reached skill level 7 in Bows
   951 | D:2      | Found a burning altar of Makhleb.
   951 | D:2      | Found an iron altar of Okawaru.
   976 | D:2      | Reached XP level 4. HP: 36/36 MP: 4/4
  1380 | D:2      | Reached skill level 8 in Bows
  1380 | D:2      | Reached XP level 5. HP: 28/42 MP: 5/5
  1466 | D:3      | Found a runed door.
  1501 | D:3      | Noticed Crazy Yiuf
  1507 | D:3      | Killed Crazy Yiuf
  2034 | D:3      | Noticed Hat's ghost (amateur DDBe)
  2040 | D:3      | Reached skill level 9 in Bows
  2040 | D:3      | Reached XP level 6. HP: 51/51 MP: 6/6
  2188 | D:3      | Killed Hat's ghost
  2662 | D:2      | Became a worshipper of Makhleb the Destroyer
  2760 | D:4      | Reached XP level 7. HP: 51/59 MP: 7/7
  2863 | D:4      | Reached skill level 10 in Bows
  2863 | D:4      | Reached skill level 1 in Invocations
  3211 | D:4      | Found a blossoming altar of Fedhas.
  3211 | D:4      | Noticed Blork the orc
  3230 | D:4      | Killed Blork the orc
  3435 | D:4      | Found a radiant altar of Vehumet.
  3847 | D:4      | Noticed an oklob plant
  3985 | D:5      | Entered Level 5 of the Dungeon
  3994 | D:5      | Found a staircase to the Ecumenical Temple.
  4047 | D:5      | Noticed Grinder
  4121 | D:4      | Reached * piety under Makhleb
  4173 | D:5      | Got a crystal spear
  4187 | D:5      | Reached XP level 8. HP: 48/67 MP: 10/10
  4201 | D:5      | Reached skill level 11 in Bows
  4346 | D:5      | Reached skill level 5 in Fighting
  4381 | D:5      | Identified the +11 spear "Cewkatt" {antimagic, +Fly rF- MP+9 Str+7} (You found it on level 5 of the Dungeon)
  4444 | D:5      | Killed Grinder
  4629 | D:5      | Reached skill level 12 in Bows
  4647 | D:5      | Noticed Duvessa
  4648 | D:5      | Noticed Dowan
  4823 | D:5      | Killed Duvessa
  4829 | D:5      | Killed Dowan
  5032 | D:5      | Reached ** piety under Makhleb
  5080 | D:6      | Noticed Prince Ribbit
  5086 | D:5      | Killed Prince Ribbit
  5086 | D:5      | Reached skill level 5 in Invocations
  5086 | D:5      | Reached XP level 9. HP: 44/75 MP: 7/12
  5596 | D:6      | Found a bloodstained altar of Trog.
  5614 | D:6      | Reached skill level 13 in Bows
  5829 | D:6      | Learned a level 1 spell: Apportation
  6461 | D:7      | Got an opalescent robe
  6475 | D:7      | Identified the +1 robe of Compassion {rC+ Int+7 Dex-3} (You found it on level 7 of the Dungeon)
  6602 | D:7      | Found a sparkling altar of Nemelex Xobeh.
  6781 | D:7      | Identified Vehumet's Compendium of Conjuration
  6998 | D:7      | Reached *** piety under Makhleb
  7156 | D:7      | Reached skill level 14 in Bows
  7174 | D:7      | Found a shimmering altar of Xom.
  7334 | D:8      | Noticed a two-headed ogre
  7381 | D:7      | Killed a two-headed ogre
  7381 | D:7      | Reached XP level 10. HP: 75/87 MP: 9/15
  7474 | D:8      | Noticed a two-headed ogre
  7571 | D:7      | Killed a two-headed ogre
  7752 | D:8      | Noticed a two-headed ogre
  7890 | D:8      | Killed a two-headed ogre
  8602 | D:8      | Found a white marble altar of Elyvilon.
  8602 | D:8      | Found a glowing silver altar of Zin.
  8603 | D:8      | Found a deep blue altar of Sif Muna.
  8614 | D:8      | Found an ornate altar of the Wu Jian Council.
  9740 | D:9      | Noticed a two-headed ogre
  9757 | D:9      | Killed a two-headed ogre
  9856 | D:9      | Found a shattered altar of Ashenzari.
  9890 | D:9      | Reached **** piety under Makhleb
  9891 | D:9      | Noticed a two-headed ogre
 10442 | D:9      | Found a snail-covered altar of Cheibriados.
 10467 | D:9      | Reached skill level 10 in Fighting
 10467 | D:9      | Reached XP level 11. HP: 87/99 MP: 9/18
 10541 | D:9      | Reached skill level 10 in Invocations
 10656 | D:9      | Noticed a centaur warrior
 10657 | D:9      | Found the +9 heavy crossbow "Sniper" {velocity, Acc+∞ SInv}
 10658 | D:9      | Noticed a deep troll earth mage
 10730 | D:9      | Found a transporter.
 10747 | D:9      | Found a transporter.
 10824 | D:9      | Noticed a fire crab
 11003 | D:9      | Noticed a swamp dragon
 11046 | D:9      | Noticed a lindwurm
 11145 | D:9      | Killed a two-headed ogre
 11366 | D:9      | Found a staircase to the Lair.
 11665 | D:10     | Entered Level 10 of the Dungeon
 11922 | D:10     | Found a glowing golden altar of the Shining One.
 11923 | D:10     | Found a runed door.
 11923 | D:10     | Noticed an angel
 11925 | D:10     | Noticed Psyche
 11933 | D:10     | Killed Psyche
 12060 | D:10     | Noticed Urug
 12131 | D:10     | Killed Urug
 13133 | D:10     | Found Afrutteh's General Store.
 13138 | D:10     | Bought a scroll of teleportation for 42 gold pieces
 13493 | D:11     | Noticed a death knight
 14369 | Lair:1   | Entered Level 1 of the Lair of Beasts
 15078 | Lair:1   | Reached XP level 12. HP: 77/111 MP: 9/20
 16513 | Lair:2   | Noticed a four-headed hydra
 16543 | Lair:2   | Killed a four-headed hydra
 16898 | Lair:3   | Found a staircase to the Shoals.
 17732 | Lair:3   | Noticed Rupert
 19366 | Lair:3   | Paralysed by Rupert for 3 turns
 19368 | Lair:3   | HP: 4/113 [komodo dragon (19)]
 19377 | Lair:3   | Mangled by Rupert

Skill      XL: |  1  2  3  4  5  6  7  8  9 10 11 12 |
---------------+-------------------------------------+-----
Bows           | 6 7 8 9 10 12 14 | 14.0
Fighting       | 3 4 6 7 10 11 12 | 12.3
Invocations    | 2 5 7 9 11 12 | 12.7
Dodging        | 3 4 |  4.9
Stealth        | |  0.6

Action                   |  1- 3 |  4- 6 |  7- 9 | 10-12 || total
-------------------------+-------+-------+-------+-------++-------
Melee: Short sword       |    55 |       |       |       ||    55
       Kick              |    20 |    16 |    48 |    89 ||   173
       Dagger            |    56 |    65 |       |       ||   121
       Hand axe          |       |    43 |    94 |       ||   137
       Spear             |       |       |   200 |   439 ||   639
 Fire: Shortbow          |     9 |    55 |    94 |   595 ||   753
Throw: Stone             |       |       |    15 |     6 ||    21
Invok: Lesser Servant of |       |       |       |    11 ||    11
       Major Destruction |       |       |       |     1 ||     1
  Use: Scroll            |     2 |     2 |     8 |    13 ||    25
       Potion            |       |       |     1 |    12 ||    13
 Stab: Sleeping          |     1 |     5 |     4 |     2 ||    12
       Distracted        |       |       |       |     2 ||     2
  Eat: Chunk             |       |     4 |    13 |    28 ||    45
       Ration            |       |       |       |     1 ||     1
Armor: Leather armour    |    65 |    55 |    90 |    16 ||   226
       Robe              |       |       |    11 |    42 ||    53
       Skin              |       |       |       |    66 ||    66
       Steam dragon scal |       |       |       |   135 ||   135
Dodge: Dodged            |    64 |    39 |   104 |   266 ||   473
